 Dungeon Crawl Stone Soup version 0.31.0-9-g3a7656b989 (webtiles) character file.

Game seed: 9743653994627133266

80562 EnegeticOcto the Thaumaturge (level 14, -11/108 HPs)
             Began as a Mummy Fire Elementalist on Feb 3, 2024.
             Was a High Priest of Sif Muna.
             Mangled by a sun demon (27 damage)
             ... summoned by a kobold demonologist
             ... on level 12 of the Dungeon.
             The game lasted 01:09:06 (14337 turns).

EnegeticOcto the Thaumaturge (MuFE)                Turns: 14337, Time: 01:09:07

Health: -11/108    AC: 14    Str: 12    XL:     14   Next: 94%
Magic:  23/41      EV: 18    Int: 18    God:    Sif Muna [*****.]
Gold:   1479       SH:  5    Dex: 13    Spells: 27/42 levels left

rFire   x . .        a - staff of conjuration
rCold   + . .        y - +0 buckler
rNeg    + + +        J - +0 troll leather armour
rPois   ∞            e - +2 helmet
rElec   .            m - +0 cloak
rCorr   .            z - +2 pair of gloves
SInv    .            j - +2 pair of boots
Will    +....        x - amulet of magic regeneration
Stlth   ++           b - +5 ring of evasion
HPRegen 1.18/turn    A - ring of magical power
MPRegen 0.67/turn

%: faith
@: very slightly contaminated
A: cold resistance 1, negative energy resistance 3, torment resistance 2, heat
vulnerability 1, in touch with death 2, no potions, faith
a: Renounce Religion, Channel Magic, Forget Spell, Divine Exegesis


You were on level 12 of the Dungeon.
You worshipped Sif Muna.
Sif Muna was extremely pleased with you.
You visited 3 branches of the dungeon, and saw 19 of its levels.
You also visited: Sewer.

You collected 1887 gold pieces.
You spent 408 gold pieces at shops.

Inventory:

Hand Weapons
 g - a +3 dagger of venom
   (You took it off a goblin on level 1 of the Dungeon)
 p - the +8 short sword of Jitseam {elec, *Noise rPois rF+ Dex+3}
   (You found it on level 4 of the Dungeon)

   Dex+3:     It affects your dexterity (+3).
   rF+:       It protects you from fire.
   rPois:     It protects you from poison *Noise: It may make a loud noise when
   swung.
Missiles
 w - 2 curare-tipped darts
Armour
 e - a +2 helmet (worn)
   (You found it on level 1 of the Dungeon)
 j - a +2 pair of boots (worn)
   (You bought it in a shop on level 2 of the Dungeon)
 m - a +0 cloak (worn)
   (You took it off Crazy Yiuf on level 3 of the Dungeon)
 r - the +0 ring mail "Mununin" {rF+ Will+ Int+3}
   (You found it on level 1 of the Lair of Beasts)

   Int+3:     It affects your intelligence (+3).
   rF+:       It protects you from fire.
   Will+:     It increases your willpower.
 s - a +2 leather armour of fire resistance
   (You took it off Duvessa on level 5 of the Dungeon)
 t - a +0 kite shield
   (You found it on level 5 of the Dungeon)
 y - a +0 buckler (worn)
   (You found it in a sewer)
 z - a +2 pair of gloves (worn)
   (You found it in a sewer)
 I - a +1 pair of boots of rampaging
   (You found it on level 10 of the Dungeon)
 J - a +0 troll leather armour (worn)
   (You found it on level 5 of the Lair of Beasts)
Magical Staves
 a - a staff of conjuration (weapon)
   (You found it on level 2 of the Dungeon)
 E - a staff of air
   (You found it on level 9 of the Dungeon)
Jewellery
 b - a +5 ring of evasion (left hand)
   (You found it on level 8 of the Dungeon)
 c - a +6 ring of strength
   (You found it on level 2 of the Dungeon)
 q - a ring of willpower
   (You took it off Erica on level 8 of the Dungeon)
 x - an amulet of magic regeneration (around neck)
   (You found it on level 6 of the Dungeon)
 A - a ring of magical power (right hand)
   (You found it on level 6 of the Dungeon)
 D - a ring of wizardry
   (You found it on level 9 of the Dungeon)
 K - the ring of Vigux {rC+ rN+ SInv}
   (You found it on level 12 of the Dungeon)

   [ring of protection from cold]

   rC+:       It protects you from cold.
   rN+:       It protects you from negative energy.
   SInv:      It lets you see invisible.
Wands
 k - a wand of flame (21) {@v4}
   (You took it off a gnoll on level 2 of the Dungeon)
 o - a wand of polymorph (8)
   (You took it off Ijyb on level 5 of the Dungeon)
 C - a wand of roots (1) {@v2}
   (You found it on level 2 of the Lair of Beasts)
 F - a wand of digging (11) {@v3}
   (You found it on level 9 of the Dungeon)
 H - a wand of charming (4)
   (You took it off Urug on level 4 of the Lair of Beasts)
Scrolls
 d - 2 scrolls of silence {!r}
 f - 3 scrolls of fear {!r}
 h - 2 scrolls of blinking {@r4}
 i - 5 scrolls of teleportation {@r3 !r}
 l - 4 scrolls of fog {!r}
 n - 3 scrolls of identify {@r1}
 u - 2 scrolls of amnesia
 v - 2 scrolls of vulnerability
 G - 3 scrolls of revelation {@r5 !r}


   Skills:
 + Level 9.5 Fighting
 - Level 4.0 Armour
 - Level 5.0 Dodging
 - Level 1.5 Stealth
 - Level 6.0 Shields
 + Level 14.5 Spellcasting
 + Level 10.1 Conjurations
 + Level 11.9 Fire Magic
 - Level 3.9 Air Magic
 - Level 6.0 Invocations


You had 27 spell levels left.
You knew the following spells:

 Your Spells              Type           Power      Damage    Failure   Level
a - Scorch                Fire           100%       2d9       1%          2
b - Foxfire               Conj/Fire      100%       2x1d9     1%          1
c - Flame Wave            Conj/Fire      68%        2d15      1%          4
d - Starburst             Conj/Fire      34%        6d10      14%         6
Y - Blink                 Tloc           26%        N/A       13%         2

Your spell library contained the following spells:

 Spells                   Type           Power      Damage    Failure   Level
 Kiss of Death            Conj/Necr      100%       2d13      1%          1
 Shock                    Conj/Air       100%       1d9       1%          1
 Sting                    Conj/Alch      100%       1d9       1%          1
 Momentum Strike          Conj/Tloc      92%        3d10      1%          2
 Static Discharge         Conj/Air       100%       3-8/arc   1%          2
 Inner Flame              Hex/Fire       34%        N/A       2%          3
 Volatile Blastmotes      Fire/Tloc      68%        2d15      2%          3
 Dazzling Flash           Conj/Hex       92%        N/A       3%          3
 Mephitic Cloud           Conj/Alch/Air  44%        N/A       3%          3
 Iskenderun's Battlesphe  Conj           65%        2d11      3%          5
 Mercury Vapours          Alch/Air       40%        N/A       5%          2
 Ignite Poison            Fire/Alch      34%        N/A       7%          4
 Summon Blazeheart Golem  Fire/Summ      34%        N/A       7%          4
 Cigotuvi's Dreadful Rot  Necr/Alch/Air  80%        N/A       8%          2
 Summon Small Mammal      Summ           52%        N/A       9%          1
 Lesser Beckoning         Tloc           26%        N/A       13%         2
 Airstrike                Air            13%        2d(2-18)  17%         4
 Call Canine Familiar     Summ           13%        N/A       26%         3
 Fugue of the Fallen      Necr           29%        N/A       26%         3
 Teleport Other           Tloc           13%        N/A       26%         3
 Irradiate                Conj/Alch      23%        3d19      28%         5
 Freezing Cloud           Conj/Ice/Air   22%        6-21      34%         5
 Summon Lightning Spire   Summ/Air       20%        N/A       36%         4
 Vhi's Electric Charge    Tloc/Air       40%        N/A       36%         4
 Plasma Beam              Fire/Air       20%        2x1d32    45%         6
 Conjure Ball Lightning   Conj/Air       27%        3x3d8     58%         6
 Anguish                  Hex/Necr       14%        N/A       63%         4
 Animate Armour           Summ/Erth      26%        N/A       63%         4
 Animate Dead             Necr           29%        N/A       63%         4
 Cause Fear               Hex            6%         N/A       63%         4
 Dimensional Bullseye     Hex/Tloc       6%         N/A       63%         4
 Dispel Undead            Necr           29%        3d13      63%         4
 Martyr's Knell           Necr/Summ      29%        N/A       63%         4
 Passage of Golubria      Tloc           13%        N/A       63%         4
 Silence                  Hex/Air        10%        N/A       71%         5
 Orb of Destruction       Conj           32%        9d10      75%         7
 Bombard                  Conj/Erth      23%        9d4       85%         6
 Curse of Agony           Necr           29%        N/A       93%         5
 Lee's Rapid Deconstruct  Erth           6%         3d6*      93%         5
 Death Channel            Necr           14%        N/A       100%        6
 Enfeeble                 Hex            6%         N/A       100%        7
 Spellforged Servitor     Conj/Summ      23%        N/A       100%        7
 Chain Lightning          Conj/Air       27%        3d36      100%        9
 Fire Storm               Conj/Fire      34%        8d9       100%        9
 Shatter                  Erth           6%         3d9*      100%        9


Dungeon Overview and Level Annotations

Branches:
Dungeon (12/15) Zot: 26892  Temple (0/1) D:6            Lair (5/5) D:9 Zot: 25746
 Shoals (0/4) Lair:3        Snake (0/4) Lair:2        Slime (0/5) Lair:4
    Orc (2/2) D:10 Zot: 10053     Elf (0/3) Orc:2         Sewer (visited)

Altars:
Ashenzari
Dithmenos
Gozag
Hepliaklqana
Okawaru
Ru
Sif Muna
Trog
Uskayaw
Wu Jian
Xom
Yredelemnul

Shops:
D:1 (   D:2 [   Orc:1 *   Orc:2 =[(


Innate Abilities, Weirdness & Mutations

You are immune to poison.
Your flesh is cold resistant. (rC+)
You are immune to negative energy. (rN+++)
You are immune to unholy pain and torment.
You are vulnerable to heat. (rF-)
You are strongly in touch with the powers of death.
You do not drink.
You have a special connection with the divine. (Faith)


Message History

You hear a shout!
The manticore bites you. The manticore claws you.
The manticore completely misses you.
A wave of flame ripples out!
The flame wave engulfs the manticore!
The manticore is burned terribly!
You kill the manticore!
Sif Muna accepts your kill.
You hear a shout! x3; You hear an angry buzzing noise. x2; You hear a shout!
A kobold brigand comes into view.
It is wielding a +0 dagger and quivering curare-tipped darts.
Casting: Scorch (safe; 1% risk of failure)
Press: ? - help, Q - select action, (/) - cycle Dir - look around, f - activate Flames lash the vampire mosquito.
The vampire mosquito is moderately damaged.
The vampire mosquito's fire resistance burns away.
The kobold brigand shouts!
The vampire mosquito misses you.
A kobold comes into view. It is wielding a +0 club.
A vampire mosquito comes into view.
The vampire mosquito completely misses you.
A kobold demonologist comes into view. It is wielding a +0 dagger.
The kobold throws a stone.
You block the stone.
You carefully extract the barbed spikes from your body.
The vampire mosquito bites you! The vampire mosquito bites you.
The kobold demonologist gestures wildly while chanting.
The vampire mosquito buzzes angrily.
Casting: Scorch (safe; 1% risk of failure)
Confirm with . or Enter, or press ? or * to list all spells.
Casting: Flame Wave (mildly dangerous; 1% risk of failure)
Press: ? - help, Dir - look around, f - activate You feel a surge of power!
A wave of flame ripples out!
The flame wave engulfs the vampire mosquito!!
The vampire mosquito is burned terribly!
You destroy the vampire mosquito!
Sif Muna accepts your kill.
The flame wave engulfs the kobold!
You kill the kobold!
Sif Muna accepts your kill. (Press . to intensify the flame waves.)
A vampire mosquito comes into view. x2
The kobold demonologist begins to cast a cantrip, but forgets the words!
The kobold brigand throws a curare-tipped dart.
The curare-tipped dart hits you. You resist.
Okay, then.
Okay, then.
Okay, then.
Unknown command.
Unknown command. 2 kobolds and a shadow come into view.
A kobold is wielding a +2 dagger of protection.
Found 13 gold pieces.
The kobold shouts!
The vampire mosquito barely misses you.
You see here a +0 dagger.
The vampire mosquito barely misses you.
A centaur comes into view.
You block the vampire mosquito's attack.
The shadow slips into darkness.
The shadow flickers and vanishes!
Deactivating autopickup; reactivate with Ctrl-A.
Casting: Flame Wave (mildly dangerous; 1% risk of failure)
Confirm with . or Enter, or press ? or * to list all spells.
Casting: Starburst (dangerous; 14% risk of failure)
Press: ? - help, Dir - look around, f - activate You feel a surge of power!
The bolt of fire misses the vampire mosquito.
The bolt of fire hits the vampire mosquito!!
You destroy the vampire mosquito!
Sif Muna accepts your kill.
The bolt of fire hits the kobold demonologist!!
The kobold demonologist is almost dead.
The bolt of fire hits the kobold!!!
You kill the kobold!
Sif Muna accepts your kill.
The bolt of fire hits the sun demon.
The sun demon completely resists.
The kobold shouts!
The vampire mosquito barely misses you.
The sun demon hits you but does no damage.
The vampire mosquito bites you! The vampire mosquito misses you.
The kobold demonologist mumbles some strange words.
The kobold brigand throws a curare-tipped dart.
The curare-tipped dart hits you. You resist.
Casting: Starburst (dangerous; 14% risk of failure)
Confirm with . or Enter, or press ? or * to list all spells.
Casting: Starburst (dangerous; 14% risk of failure)
Press: ? - help, Dir - look around, f - activate You feel a surge of power!
You miscast Starburst.
You are very lightly contaminated with residual magic.
You are caught in a fiery explosion!!
The fire burns you terribly!
The vampire mosquito closely misses you.
The vampire mosquito completely misses you.
The sun demon hits you!!
You are engulfed in flames!!
The fire burns you terribly!
* * * LOW HITPOINT WARNING * * *
The vampire mosquito barely misses you.
You block the vampire mosquito's attack.
The sun demon hits you!
* * * LOW HITPOINT WARNING * * *
You are engulfed in flames!!
The fire burns you terribly!
You die...

#........$.
#..........
#..)K...... #
#.5Kc......
#.#####.5K........
#.........5........
.......K3yy........#
.......†)@.........#
...................#
...................##
......=..............
.....................
##########...[.......
#........#...........
+........#...........
#........#........>.#


You could see a sun demon (summoned), a kobold demonologist, 2 vampire
mosquitoes, a kobold brigand, a centaur, a quasit (summoned), 2 shadow imps and
2 kobolds.

Vanquished Creatures
  Saint Roka (Orc:2)
  An ettin (Orc:2)
  6 hydras
  A boulder beetle (D:11)
  Erica (D:8)
  A tengu warrior (D:11)
  19 death yaks
  2 orc high priests (Orc:2)
  Urug (Lair:4)
  2 skysharks (Lair:5)
  A cyclops (D:11)
  3 orc sorcerers (Orc:2)
  4 orc knights (Orc:2)
  An ugly thing (D:11)
  A manticore (D:12)
  3 black mambas
  A merfolk siren (Lair:3)
  5 elephants
  A gargoyle (D:11)
  Maggie (D:10)
  An unseen horror (D:10)
  A torpor snail (Lair:5)
  16 cane toads
  3 rime drakes
  23 komodo dragons
  4 trolls
  3 polar bears
  29 blink frogs
  2 tyrant leeches (Lair:5)
  Grinder (D:3)
  2 shadows
  Sigmund (D:3)
  49 yaks
  2 wraiths (D:11)
  5 wyverns
  Eustachio (D:5)
  2 basilisks (Lair:2)
  3 wargs (Orc:2)
  A steam dragon (D:8)
  6 vampire mosquitoes
  An acid dragon (D:11)
  22 water moccasins
  2 nagas (Lair:2)
  Duvessa (D:5)
  23 orc warriors
  2 black bears
  A sky beast (D:7)
  7 ogres
  8 centaurs
  16 wolves
  Blork the orc (Orc:2)
  3 kobold brigands
  19 bullfrogs
  5 gnoll sergeants
  8 scorpions
  6 wights
  Dowan (D:5)
  3 killer bees (D:9)
  An electric eel (Lair:5)
  A hound (D:5)
  A sleepcap (D:5)
  Crazy Yiuf (D:3)
  13 orc priests
  3 jellies
  Ijyb (D:5)
  Jessica (D:3)
  12 orc wizards
  Natasha (thrice) (D:4)
  4 iguanas
  Robin (D:3)
  26 gnolls
  13 river rats (Sewer)
  10 adders
  A shadow imp (D:5)
  A white imp (D:5)
  4 ufetubi
  3 ribbon worms
  A dart slug (D:3)
  49 orcs
  3 ball pythons
  7 endoplasms
  4 giant cockroaches
  14 goblins
  3 jackals (D:2)
  39 kobolds
  4 quokkas
  6 bats
  A frilled lizard (D:3)
  23 rats
594 creatures vanquished.

Vanquished Creatures (collateral kills)
  7 foxfires
7 creatures vanquished.

Vanquished Creatures (others)
  829 foxfires
829 creatures vanquished.

Grand Total: 1430 creatures vanquished

Notes
Turn   | Place    | Note
-------+----------+-------------------------------------------
     0 | D:1      | EnegeticOcto the Mummy Fire Elementalist began the quest
                  | for the Orb.
     0 | D:1      | Reached XP level 1. HP: 13/13 MP: 4/4
   110 | D:1      | Reached skill level 1 in Conjurations
   160 | D:1      | Reached skill level 3 in Spellcasting
   162 | D:1      | Reached XP level 2. HP: 6/19 MP: 0/6
   334 | D:1      | Found Cijepo Ukhlau's Antique Weapon Emporium.
  1240 | D:2      | Reached XP level 3. HP: 24/24 MP: 4/8
  1319 | D:2      | Reached skill level 3 in Fire Magic
  1603 | D:2      | Found Fatreug's Antique Armour Emporium.
  1774 | D:3      | Found a bloodstained altar of Trog.
  1779 | D:3      | Reached XP level 4. HP: 30/30 MP: 4/9
  1876 | D:2      | Learned a level 2 spell: Scorch
  1883 | D:3      | Reached skill level 4 in Spellcasting
  1883 | D:3      | Reached skill level 2 in Conjurations
  1928 | D:3      | Found a faded altar of an unknown god.
  2272 | D:3      | Noticed Jessica
  2278 | D:3      | Killed Jessica
  2279 | D:3      | Reached XP level 5. HP: 35/35 MP: 6/11
  2339 | D:3      | Noticed Grinder
  2344 | D:3      | Killed Grinder
  2344 | D:3      | Noticed Sigmund
  2345 | D:3      | Reached skill level 3 in Conjurations
  2345 | D:3      | Reached skill level 4 in Fire Magic
  2345 | D:3      | Reached skill level 1 in Fighting
  2345 | D:3      | Reached XP level 6. HP: 43/43 MP: 5/12
  2359 | D:3      | Killed Sigmund
  2360 | D:3      | Reached skill level 2 in Fighting
  2360 | D:3      | Reached skill level 4 in Conjurations
  2471 | D:3      | Noticed Robin
  2507 | D:3      | Killed Robin
  2521 | D:3      | Reached XP level 7. HP: 29/50 MP: 1/13
  2947 | D:3      | Found a runed translucent door.
  2948 | D:3      | Noticed Crazy Yiuf
  2955 | D:3      | Killed Crazy Yiuf
  3105 | D:4      | Found an iron altar of Okawaru.
  3125 | D:4      | Noticed Natasha
  3128 | D:4      | Killed Natasha
  3337 | D:4      | Noticed Natasha
  3341 | D:4      | Killed Natasha
  3344 | D:4      | Reached skill level 5 in Conjurations
  3347 | D:4      | Noticed Natasha
  3351 | D:4      | Killed Natasha
  3383 | D:4      | Identified the +8 short sword of Jitseam {elec, *Noise
                  | rPois rF+ Dex+3}
  3403 | D:4      | Found a sacrificial altar of Ru.
  3430 | D:4      | Reached skill level 3 in Fighting
  3450 | D:4      | Learned a level 4 spell: Flame Wave
  3593 | D:4      | Reached skill level 5 in Spellcasting
  3724 | D:5      | Entered Level 5 of the Dungeon
  3733 | D:5      | Found a shimmering blue altar of Sif Muna.
  3741 | D:5      | Reached XP level 8. HP: 58/58 MP: 8/16
  3750 | D:5      | Became a worshipper of Sif Muna the Loreminder
  3985 | D:5      | Noticed Dowan
  3986 | D:5      | Noticed Duvessa
  4003 | D:5      | Killed Dowan
  4057 | D:5      | Found an opulent altar of Gozag.
  4062 | D:5      | Killed Duvessa
  4063 | D:5      | Reached skill level 4 in Fighting
  4063 | D:5      | Reached skill level 1 in Invocations
  4129 | D:5      | Noticed Eustachio
  4139 | D:5      | Killed Eustachio
  4140 | D:5      | Reached skill level 6 in Spellcasting
  4173 | D:5      | Reached skill level 6 in Conjurations
  4277 | D:5      | Noticed Ijyb
  4279 | D:5      | Reached skill level 2 in Invocations
  4282 | D:5      | Killed Ijyb
  4387 | D:5      | Found a hide-covered altar of Uskayaw.
  4686 | D:5      | Reached skill level 7 in Spellcasting
  4686 | D:5      | Reached skill level 3 in Invocations
  4749 | D:6      | Reached * piety under Sif Muna
  4796 | D:6      | Reached XP level 9. HP: 62/65 MP: 11/20
  4824 | D:6      | Found a staircase to the Ecumenical Temple.
  4854 | D:6      | Found a hazy altar of Hepliaklqana.
  4867 | D:6      | Reached skill level 4 in Invocations
  4881 | D:6      | Reached skill level 8 in Spellcasting
  5030 | D:6      | Reached skill level 5 in Invocations
  5033 | D:6      | Found a glowing drain.
  5044 | Sewer    | Entered a sewer
  5143 | Sewer    | Reached ** piety under Sif Muna
  5279 | Sewer    | Reached *** piety under Sif Muna
  5852 | D:7      | Reached skill level 1 in Shields
  5855 | D:7      | Reached skill level 5 in Fighting
  5856 | D:7      | Reached skill level 2 in Shields
  5859 | D:7      | Reached skill level 5 in Fire Magic
  6228 | D:7      | Reached skill level 3 in Shields
  6228 | D:7      | Reached XP level 10. HP: 71/76 MP: 22/22
  6249 | D:7      | Reached skill level 6 in Fighting
  6258 | D:7      | Reached **** piety under Sif Muna
  6348 | D:7      | Found an ornate altar of the Wu Jian Council.
  6514 | D:8      | Reached skill level 4 in Shields
  6514 | D:8      | Reached skill level 6 in Fire Magic
  6793 | D:2      | Bought a warped cloak for 228 gold pieces
  6793 | D:2      | Identified the +0 cloak "Valudod" {rC+ MP-9 Dex+6} (You
                  | bought it in a shop on level 2 of the Dungeon)
  6794 | D:2      | Bought a pair of embroidered boots for 180 gold pieces
  6992 | D:8      | Found a shadowy altar of Dithmenos.
  7163 | D:8      | Learned a level 2 spell: Blink
  7260 | D:8      | Noticed Erica
  7269 | D:8      | Killed Erica
  7270 | D:8      | Reached skill level 5 in Shields
  7369 | D:8      | Found a shimmering altar of Xom.
  7459 | D:9      | Reached ***** piety under Sif Muna
  7470 | D:9      | Reached skill level 6 in Shields
  7628 | D:9      | Received a gift from Sif Muna
  7629 | D:9      | Reached skill level 7 in Fire Magic
  7874 | D:10     | Entered Level 10 of the Dungeon
  7874 | D:10     | Found a staircase to the Orcish Mines.
  7886 | D:10     | Reached XP level 11. HP: 47/81 MP: 12/23
  7901 | D:10     | Found a broken altar of Ashenzari.
  7970 | D:10     | Noticed Maggie
  7979 | D:10     | Killed Maggie
  7980 | D:10     | Reached skill level 8 in Fire Magic
  8084 | D:10     | Found a basalt altar of Yredelemnul.
  8376 | Orc:1    | Entered Level 1 of the Orcish Mines
  8443 | Orc:1    | Found Kuhytin's General Store.
  8728 | Orc:2    | Entered Level 2 of the Orcish Mines
  8728 | Orc:2    | Noticed an orc knight
  8738 | Orc:2    | Killed an orc knight
  8739 | Orc:2    | Reached skill level 9 in Fire Magic
  8919 | Orc:2    | Noticed an orc sorcerer
  8928 | Orc:2    | Killed an orc sorcerer
  9032 | Orc:2    | Noticed an orc high priest
  9104 | Orc:2    | Noticed a soul eater
  9108 | Orc:2    | Killed an orc high priest
  9121 | Orc:2    | Received a gift from Sif Muna
  9125 | Orc:2    | Got Sif Muna's Collected Works on Battle Magic {god gift}
  9218 | Orc:2    | Noticed Saint Roka
  9218 | Orc:2    | Noticed an orc knight
  9232 | Orc:2    | Killed an orc knight
  9233 | Orc:2    | Reached skill level 6 in Invocations
  9241 | Orc:2    | Killed Saint Roka
  9242 | Orc:2    | Reached skill level 10 in Fire Magic
  9242 | Orc:2    | Reached skill level 3 in Air Magic
  9396 | Orc:2    | Noticed an orc sorcerer
  9401 | Orc:2    | Noticed an orc knight
  9402 | Orc:2    | Noticed Blork the orc
  9407 | Orc:2    | Killed an orc sorcerer
  9413 | Orc:2    | Killed an orc knight
  9414 | Orc:2    | Reached XP level 12. HP: 80/88 MP: 17/24
  9414 | Orc:2    | Killed Blork the orc
  9414 | Orc:2    | Noticed an orc high priest
  9573 | Orc:1    | Learned a level 6 spell: Starburst
  9579 | Orc:2    | Reached skill level 7 in Conjurations
  9710 | Orc:2    | Found a staircase to the Elven Halls.
  9721 | Orc:2    | Killed an orc high priest
  9771 | Orc:2    | Reached skill level 8 in Conjurations
  9818 | Orc:2    | Found Wytik's Antique Weapon Shop.
  9836 | Orc:2    | Found Yluol's General Store.
  9948 | Orc:2    | Noticed an ettin
  9962 | Orc:2    | Killed an ettin
  9990 | Orc:2    | Found Tiaratui's Antique Armour Shop.
 10005 | Orc:2    | Found Bechulig's Jewellery Shop.
 10099 | D:9      | Found a staircase to the Lair.
 10228 | Lair:1   | Entered Level 1 of the Lair of Beasts
 10348 | Lair:1   | Reached skill level 9 in Conjurations
 10353 | Lair:1   | Reached skill level 9 in Spellcasting
 10459 | Lair:1   | Identified the +0 ring mail "Mununin" {rF+ Will+ Int+3}
 10803 | Lair:2   | Reached skill level 10 in Spellcasting
 10815 | Lair:2   | Noticed a seven-headed hydra
 10818 | Lair:2   | Killed a seven-headed hydra
 10824 | Lair:2   | Reached skill level 10 in Conjurations
 10824 | Lair:2   | Gained mutation: You are strongly in touch with the powers
                  | of death. [Mummy growth]
 10824 | Lair:2   | Reached XP level 13. HP: 33/93 MP: 27/27
 10956 | Lair:2   | Reached skill level 11 in Spellcasting
 11139 | Lair:2   | Reached skill level 12 in Spellcasting
 11251 | Lair:2   | Identified the +1 robe of Truth {Int+5}
 11287 | Lair:2   | Received a gift from Sif Muna
 11288 | Lair:2   | Reached skill level 1 in Armour
 11289 | Lair:2   | Reached skill level 2 in Dodging
 11297 | Lair:2   | Reached skill level 2 in Armour
 11304 | Lair:2   | Got Sif Muna's Improving Your Hermeneutics {god gift}
 11443 | Lair:3   | Found a staircase to the Shoals.
 11494 | Lair:3   | Reached skill level 3 in Armour
 11571 | Lair:3   | Reached skill level 3 in Dodging
 11728 | Lair:3   | Reached skill level 7 in Fighting
 11728 | Lair:3   | Reached skill level 4 in Armour
 12125 | Lair:4   | Reached XP level 14. HP: 103/103 MP: 30/30
 12137 | Lair:4   | Noticed Urug
 12155 | Lair:4   | Killed Urug
 12177 | Lair:4   | Reached skill level 13 in Spellcasting
 12177 | Lair:4   | Received a gift from Sif Muna
 12178 | Lair:4   | Reached skill level 4 in Dodging
 12184 | Lair:4   | Got Sif Muna's Parchment of Wicked Magic and Conduction
                  | {god gift}
 12341 | Lair:4   | Reached skill level 11 in Fire Magic
 12402 | Lair:4   | Found a staircase to the Slime Pits.
 12724 | Lair:4   | Reached skill level 8 in Fighting
 12777 | Lair:5   | Entered Level 5 of the Lair of Beasts
 13055 | Lair:5   | Reached skill level 5 in Dodging
 13423 | Lair:5   | Reached skill level 14 in Spellcasting
 13462 | Lair:5   | Reached skill level 9 in Fighting
 13500 | Lair:5   | Got an earthy gem with 143 turns to spare
 13541 | Lair:5   | Received a gift from Sif Muna
 13543 | Lair:5   | Got Kodebuid's Secrets of Spooky Action {god gift}
 13626 | Lair:5   | Lost the earthy gem through the power of Zot.
 13820 | Lair:2   | Found a staircase to the Snake Pit.
 14250 | D:12     | Identified the ring of Vigux {rC+ rN+ SInv}
 14337 | D:12     | Mangled by a sun demon

Illustrated notes

Levels and vault maps discovered:
D:1:      eino_arrival_cavern_a, layout_rooms, serial_shops, shop,
          serial_curves, eino_curves_04, eino_curves_04, interstate_on_off,
          minmay_tripent
D:2:      wander_river, layout_basic, serial_shops, shop, minivault_5,
          minmay_split_cup_small
D:3:      layout_basic, bloody_trog, shapermc_ecumenical_altar_venn,
          uniq_crazy_yiuf_cottage, uniq_jessica, uniq_robin, uniq_sigmund,
          uniq_grinder
D:4:      layout_basic, old_standard_altar, okawaru_metal_pillars_1_2,
          dreamdust_mushroom_princess, uniq_natasha
D:5:      layout_loops_ring, grunt_gozag_statues,
          mainiacjoe_overflow_cross_hatched, nicolae_uskayaw_dance_hall,
          uniq_ijyb, uniq_duvessa, uniq_eustachio
D:6:      layout_loops_ring, nicolae_hepliaklqana_hazy_memory, temple_statues,
          cheibrodos_sewer_entry_bend
D:7:      layout_basic, amcnicky_altar_gilded, cheibrodos_worm_habitat
D:8:      layout_basic, mainiacjoe_overflow_catwalk, kennysheep_little_box,
          uniq_erica
D:9:      layout_basic, grunt_lair_entry_orc_guard_hut
D:10:     layout_roguey, nemelex_spade_bored_becter,
          mainiacjoe_overflow_brackets, mainiacjoe_overflow_paths,
          lemuel_crystal_altar, lemuel_doored_altar, david_orc_3, uniq_maggie
D:11:     layout_loops_ring, minmay_misc_feat_plants
D:12:     layout_irregular_city, uniq_jorgrun
Lair:1:   layout_roguey
Lair:2:   layout_cave_pods, guppyfry_snake_entry_island, nzn_random_ring,
          infiniplex_staircase_pool_2
Lair:3:   layout_hall_layers, mainiacjoe_shoals_entry_four_pools,
          beast_lair_carwin_4, lemuel_fruit_fields
Lair:4:   layout_roguey, dpeg_slime_entry_enclosed, grunt_megastairs_2,
          uniq_urug
Lair:5:   minmay_lair_end_frog_pond, layout_cave_pods
Orc:1:    layout_caves, serial_shops, nicolae_shop_back_alley_shop, mines1_david
Orc:2:    grunt_orc_cross, layout_caves, nicolae_orc_damp_corner

Skill      XL: |  1  2  3  4  5  6  7  8  9 10 11 12 13 14 |
---------------+-------------------------------------------+-----
Conjurations   | 1 2 3 4 5 6 10 | 10.1
Spellcasting   | 3 4 5 7 8 10 12 14 | 14.5
Fire Magic     | 3 4 5 7 10 11 | 11.9
Fighting       | 1 2 3 4 5 6 7 9 |  9.5
Invocations    | 3 5 6 |  6.0
Shields        | 3 6 |  6.0
Air Magic      | 3 |  3.9
Armour         | 4 |  4.0
Dodging        | 3 5 |  5.0
Stealth        | |  1.5

Action                     |  1- 3 |  4- 6 |  7- 9 | 10-12 | 13-15 || total
---------------------------+-------+-------+-------+-------+-------++-------
  Melee: Unarmed           |    13 |       |       |       |       ||    13
         Dagger            |     8 |       |       |       |       ||     8
         Staff             |       |    21 |    26 |    10 |     5 ||    62
   Cast: Foxfire           |    43 |    52 |   157 |    83 |   150 ||   485
         Scorch            |       |     8 |    97 |   179 |   150 ||   434
         Flame Wave        |       |       |     7 |    67 |   107 ||   181
         Blink             |       |       |       |     3 |       ||     3
         Starburst         |       |       |       |       |     1 ||     1
 Invoke: Channel Magic     |       |       |     3 |     2 |     2 ||     7
  Evoke: Wand              |       |       |     4 |     2 |     4 ||    10
    Use: Scroll            |     5 |     2 |     5 |    13 |     4 ||    29
 Armour: Robe              |    22 |    42 |    27 |       |       ||    91
         Leather armour    |       |       |    69 |   201 |   141 ||   411
         Troll leather arm |       |       |       |       |    38 ||    38
  Dodge: Dodged            |    21 |    53 |    92 |   176 |   216 ||   558
  Block: Buckler           |       |       |     3 |    84 |    69 ||   156

Table legend:
 A = Kills in this place as a percentage of kills in the entire game.
 B = Kills by you in this place as a percentage of kills by you in the entire game.
 C = Kills by friends in this place as a percentage of kills by friends in the entire game.
 D = Other kills in this place as a percentage of other kills in the entire game.
 E = Experience gained in this place as a percentage of experience gained in the entire game.
 F = Experience gained in this place divided by the number of levels of this place that you have seen.
                   A       B       C       D       E      F
               +-------+-------+-------+-------+-------+----------------------
         Total | 100.0 | 100.0 |   N/A |   N/A | 100.0 | 5040.1
       Dungeon |  44.3 |  44.3 |   N/A |   N/A |  18.3 | 1541.2
          Lair |  35.4 |  35.4 |   N/A |   N/A |  66.8 | 13470.6
  Orcish Mines |  11.4 |  11.4 |   N/A |   N/A |  14.6 | 7350.5
         Sewer |   8.9 |   8.9 |   N/A |   N/A |   0.3 | 255.0
               +-------+-------+-------+-------+-------+----------------------

Table legend: (Time is in decaauts)
 A = Elapsed time spent in this place.
 B = Non-inter-level travel time spent in this place.
 C = Inter-level travel time spent in this place.
 D = Time resting spent in this place.
 E = Time spent auto-exploring this place.
 F = Levels seen in this place.
 G = Mean time per level.
                   A        B        C        D        E       F      G
               +--------+--------+--------+--------+--------+-----+--------+
         Total |  15309 |  14652 |    657 |    423 |   3120 |  20 |  765.5 |
       Dungeon |   9052 |   8481 |    571 |    325 |   3118 |  12 |  754.3 |
          Lair |   4017 |   3938 |     79 |      0 |      2 |   5 |  803.4 |
  Orcish Mines |   1946 |   1940 |      6 |     98 |      0 |   2 |  973.0 |
         Sewer |    293 |    293 |      0 |      0 |      0 |   1 |  293.0 |
               +--------+--------+--------+--------+--------+-----+--------+

Top non-repeatable levels by time:
     D:2: 1291 daAuts
     D:3: 1265 daAuts
   Orc:1: 1194 daAuts
     D:5: 1098 daAuts
  Lair:2: 1078 daAuts
     D:7: 1034 daAuts
  Lair:5: 964 daAuts
     D:6: 776 daAuts
  Lair:3: 767 daAuts
  Lair:4: 759 daAuts
   Orc:2: 751 daAuts
     D:4: 719 daAuts
     D:1: 697 daAuts
     D:9: 639 daAuts
     D:8: 581 daAuts
